[Event "ICC tourney 1981 (45 10)"]
[Site "Internet Chess Club"]
[Date "2020.08.29"]
[Round "3"]
[White "JPJetti"]
[Black "bsarvagnya"]
[Result "0-1"]
[ICCResult "White checkmated"]
[WhiteElo "320"]
[BlackElo "1097"]
[Opening "Giuoco Piano: four knights variation"]
[ECO "C28"]
[NIC "VG.02"]
[Time "16:02:25"]
[TimeControl "2700+10"]

1. e4 e5 2. Bc4 Nf6 3. Nc3 Nc6 4. Nf3 Bc5 5. Qe2 d6 6. Ng5 O-O 7. d3 h6 8.
h4 Ng4 9. Nh3 Qxh4 10. Nd1 Nd4 11. Qd2 b5 12. c3 bxc4 13. cxd4 Bxd4 14. dxc4
f5 15. Qe2 Bb7 16. g3 Qf6 17. f3 f4 18. gxf4 exf4 19. fxg4 Bxe4 20. Rf1 f3
21. Qd2 Rae8 22. Qf4 Qh4+ 23. Qg3 Qxg3+ 24. Kd2 Qxh3 25. Nf2 Qxf1 26. Nxe4
Qe2# {White checkmated} 0-1

[Event "ICC tourney 1981 (45 10)"]
[Site "Internet Chess Club"]
[Date "2020.08.29"]
[Round "3"]
[White "PirateKing"]
[Black "lerui"]
[Result "0-1"]
[ICCResult "White checkmated"]
[WhiteElo "842"]
[BlackElo "1020"]
[Opening "Queen's pawn game"]
[ECO "D02"]
[NIC "QP.08"]
[Time "16:02:17"]
[TimeControl "2700+10"]

1. d4 d5 2. Nf3 e6 3. Bf4 Nf6 4. h3 Bd6 5. Bh2 O-O 6. Nbd2 Nc6 7. e3 h6 8.
Bd3 Re8 9. O-O Bxh2+ 10. Nxh2 e5 11. dxe5 Nxe5 12. Be2 Bf5 13. Ndf3 Nxf3+
14. Bxf3 c6 15. c3 Qc7 16. Ng4 Nxg4 17. Bxg4 Bg6 18. Qd4 Be4 19. f3 Bg6 20.
Rae1 f5 21. Qd3 Qf7 22. Bxf5 Bxf5 23. Qd4 Bg6 24. f4 Be4 25. b4 Qd7 26. c4
Qc7 27. Rc1 dxc4 28. Rxc4 Bd5 29. Rc2 Red8 30. Qc3 Re8 31. b5 Be4 32. Rb2
Rac8 33. bxc6 Qxc6 34. Qb3+ Bd5 35. Qa3 Ra8 36. Rfb1 Qe6 37. Re1 Qf6 38.
Rbe2 Qg6 39. g4 Qe4 40. Rd1 Qh1+ 41. Kf2 Qxd1 42. Re1 Qd2+ 43. Re2 Rxe3 44.
Qxe3 Qxe3+ 45. Rxe3 Bxa2 46. Re2 Bd5 47. Re5 Bc6 48. Ke3 a5 49. Rc5 a4 50.
Kd2 a3 51. Kc1 a2 52. Kd2 a1=Q 53. Re5 Ra2+ 54. Ke3 Qe1+ 55. Kd4 Rd2+ 56.
Kc5 Qc1+ 57. Kb6 Rb2+ 58. Kc7 Ba4+ 59. Kb8 Qc6 60. Re7 Kf8 61. Rc7 Qxc7+ 62.
Kxc7 b5 63. f5 Rh2 64. g5 b4 65. gxh6 gxh6 66. f6 b3 67. f7 Kxf7 68. Kd6 b2
69. Ke5 b1=Q 70. h4 Re2+ 71. Kd6 Qd3+ 72. Kc5 Rc2+ 73. Kb4 Qb3+ 74. Ka5 Qb5#
{White checkmated}
0-1

[Event "ICC tourney 1981 (45 10)"]
[Site "Internet Chess Club"]
[Date "2020.08.29"]
[Round "3"]
[White "desuleel"]
[Black "boxingguy2469x"]
[Result "0-1"]
[ICCResult "White resigns"]
[WhiteElo "1206"]
[BlackElo "1181"]
[Opening "Queen's pawn game"]
[ECO "A46"]
[NIC "QP.06"]
[Time "16:03:07"]
[TimeControl "2700+10"]

1. d4 Nf6 2. Nf3 e6 3. a4 b6 4. h4 d5 5. b3 Nc6 6. Bb2 Bb7 7. Nfd2 Be7 8. g3
O-O 9. e3 Qd7 10. h5 Bd6 11. Bc3 e5 12. Bh3 Qe7 13. Bg2 exd4 14. Kf1 dxc3
15. Nxc3 Ba6+ 16. Kg1 Nb4 17. Bxd5 Nbxd5 18. Nxd5 Nxd5 19. h6 g6 20. Qf3 Qe5
21. Rd1 Nc3 22. Nc4 Bxc4 23. Rd4 Bd5 24. Rxd5 Nxd5 25. e4 Nf6 26. c3 Nxe4
27. c4 Qf5 28. Qe2 Bxg3 29. f3 Ng5 30. Kg2 Rfe8 31. Qb2 Qxf3+ {White
resigns} 0-1

[Event "ICC tourney 1981 (45 10)"]
[Site "Internet Chess Club"]
[Date "2020.08.29"]
[Round "3"]
[White "sassymareese"]
[Black "CajunWyoCowboy"]
[Result "1-0"]
[ICCResult "Black checkmated"]
[WhiteElo "1270"]
[BlackElo "1252"]
[Opening "Sicilian"]
[ECO "B54"]
[NIC "SI.01"]
[Time "16:02:18"]
[TimeControl "2700+10"]

1. e4 c5 2. Nf3 d6 3. d4 cxd4 4. Nxd4 Nc6 5. Nc3 a6 6. Bc4 e6 7. a4 Nf6 8.
Be3 d5 9. exd5 exd5 10. Bb3 Be7 11. O-O O-O 12. Nde2 Nb4 13. Nf4 Be6 14.
Nxe6 fxe6 15. Ne2 Nc6 16. Nf4 Qd6 17. Re1 Rae8 18. Bb6 Bd8 19. Bxd8 Nxd8 20.
g3 Nf7 21. Ng2 Ne5 22. c4 Nfg4 23. Nf4 g5 24. Nh3 Nf3+ 25. Kh1 Nxe1 26. Qxg4
Qe5 27. cxd5 Kh8 28. dxe6 Re7 29. Qb4 Rfe8 30. Rxe1 Qxb2 31. Kg2 Qf6 32. Rd1
Rf8 33. Qd4 Qxd4 34. Rxd4 h6 35. Rd7 Rfe8 36. Rxe7 Rxe7 37. Kf3 Kg7 38. Ke4
Kg6 39. f4 Kf6 40. Nf2 b6 41. Ng4+ Kg6 42. f5+ Kh5 43. f6 Rc7 44. e7 Rc1 45.
e8=Q+ Kxg4 46. Be6# {Black checkmated} 1-0

[Event "ICC tourney 1981 (45 10)"]
[Site "Internet Chess Club"]
[Date "2020.08.29"]
[Round "3"]
[White "BotanicalKnight"]
[Black "ansish"]
[Result "1/2-1/2"]
[ICCResult "Game drawn because neither player has mating material"]
[WhiteElo "1380"]
[BlackElo "1087"]
[Opening "King's pawn opening"]
[ECO "B07"]
[NIC "VO.17"]
[Time "16:02:27"]
[TimeControl "2700+10"]

1. e4 d6 2. Nc3 Nf6 3. d3 g6 4. g3 Bg7 5. Bg2 O-O 6. f4 Bd7 7. h3 Nc6 8. g4
h6 9. Nf3 Re8 10. O-O e5 11. a3 Qc8 12. Qe1 Nxg4 13. hxg4 Bxg4 14. Be3 f5
15. Qh4 Qd8 16. Qh2 exf4 17. Bxf4 g5 18. Bd2 Re6 19. exf5 Bxf5 20. Nxg5 Be5
21. Qh1 hxg5 22. Rxf5 Bd4+ 23. Kf1 Rf6 24. Bd5+ Kg7 25. Qf3 Ne5 26. Qh3 Qd7
27. Be4 Raf8 28. Ke2 Rxf5 29. Bxf5 Qxf5 30. Qxf5 Rxf5 31. Rf1 Rxf1 32. Kxf1
Kg6 33. Kg2 g4 34. a4 c6 35. Nd1 Kf5 36. c3 Nf3 37. Bh6 Bf6 38. d4 Bg5 39.
Bxg5 Nxg5 40. Ne3+ Kf4 41. Nc4 g3 42. Nxd6 b6 43. Nc4 Ne4 44. Ne5 Nd2 45.
Nxc6 Nc4 46. b3 Nd2 47. Nxa7 Nxb3 48. d5 Ke5 49. Kxg3 Kxd5 50. Nc8 Kc6 51.
Nxb6 Kxb6 52. Kf4 Kc5 53. Ke4 Kc4 54. a5 Nxa5 55. Ke5 Kxc3
{Game drawn because neither player has mating material}
1/2-1/2

[Event "ICC tourney 1981 (45 10)"]
[Site "Internet Chess Club"]
[Date "2020.08.29"]
[Round "3"]
[White "charanreddy"]
[Black "Cougar2020"]
[Result "0-1"]
[ICCResult "White checkmated"]
[WhiteElo "1165"]
[BlackElo "1172"]
[Opening "French: Schlechter variation"]
[ECO "C01"]
[NIC "FR.01"]
[Time "16:02:18"]
[TimeControl "2700+10"]

1. e4 e6 2. d4 d5 3. Bd3 c5 4. c3 Nc6 5. Nf3 Bd7 6. Bf4 Qb6 7. dxc5 Qxb2 8.
Nbd2 Qxc3 9. Bc2 Qxc5 10. exd5 exd5 11. O-O Nf6 12. Nb3 Qb6 13. Re1+ Be6 14.
Bf5 Nd8 15. Bg5 Be7 16. Bxe6 Nxe6 17. Bxf6 Bxf6 18. Rb1 Qd6 19. Nbd4 b6 20.
Nb5 Qd7 21. Ne5 Bxe5 22. Rxe5 Rd8 23. Qh5 O-O 24. g3 Rfe8 25. Qf5 Nf8 26.
Qxd7 Nxd7 27. Rxd5 a5 28. Rbd1 Re7 29. Na7 Re6 30. Rxd7 Rxd7 31. Rxd7 Kf8
32. Rc7 Re1+ 33. Kg2 Re2 34. Nc6 g6 35. Rb7 Rxa2 36. Rxb6 a4 37. Ra6 a3 38.
Nb4 Rb2 39. Nd3 Ra2 40. Nc1 Rc2 41. Nb3 Ra2 42. Kf3 Ke7 43. Ke3 Kd7 44. h4
Kc7 45. Ra7+ Kb6 46. Rxf7 Rb2 47. Nc1 Rc2 48. Rf6+ Kb5 49. Ne2 a2 50. Kd3
a1=Q 51. Nd4+ Kb4 52. Rb6+ Kc5 53. Rb5+ Kd6 54. Nxc2 Qf1+ 55. Ke3 Qxb5 56.
Nd4 Qc4 57. Ne2 Ke5 58. f4+ Kd5 59. Kf3 h6 60. Kf2 Ke4 61. Ng1 Qc2+ 62. Kf1
Ke3 63. Nh3 Kf3 64. Kg1 Qg2# {White checkmated} 0-1

[Event "ICC tourney 1981 (45 10)"]
[Site "Internet Chess Club"]
[Date "2020.08.29"]
[Round "3"]
[White "Pranavs23"]
[Black "Electryon"]
[Result "1-0"]
[ICCResult "Black forfeits on time"]
[WhiteElo "940"]
[BlackElo "1357"]
[Opening "Scandinavian (center counter) defense"]
[ECO "B01"]
[NIC "SD.02"]
[Time "16:02:16"]
[TimeControl "2700+10"]

1. e4 d5 2. exd5 Qxd5 3. Nc3 Qd8 4. d4 c6 5. Nf3 Bf5 6. Bc4 e6 7. Bg5 Be7 8.
Bxe7 Qxe7 9. O-O Nf6 10. h3 O-O 11. Re1 Nd5 12. Nxd5 cxd5 13. Bxd5 Qc7 14.
Be4 Bxe4 15. Rxe4 Nc6 16. Qe2 Rfd8 17. Rd1 Nb4 18. a3 Nd5 19. Ng5 Nf6 20.
Rh4 Rac8 21. c3 Qa5 22. Qc2 Qxg5 23. g3 Qg6 24. Qb3 b6 25. Qa4 a5 26. Qb5
Qc2 27. Re1 Rb8 28. Re5 Rd5 29. Rxd5 Nxd5 30. c4 Qd1+ 31. Kg2 Qd3 32. Kg1
Nf6 33. a4 Qd1+ 34. Kg2 Qd3 35. Kg1 Qf5 36. Qc6 Qb1+ 37. Kg2 Qxb2 38. Qc7
Rf8 39. Rf4 Qb4 40. Qc6 Ne8 41. c5 bxc5 42. dxc5 Qc3 43. Qb6 Nf6 44. Qc6 Nd5
45. Rh4 Nb4 46. Qe4 g6 47. Qf4 {Black forfeits on time} 1-0

[Event "ICC tourney 1981 (45 10)"]
[Site "Internet Chess Club"]
[Date "2020.08.29"]
[Round "4"]
[White "Gnanathan"]
[Black "NeuralNetworkQS"]
[Result "1-0"]
[ICCResult "Black resigns"]
[WhiteElo "1383"]
[BlackElo "752"]
[Opening "Scotch game"]
[ECO "C45"]
[NIC "SO.05"]
[Time "18:32:47"]
[TimeControl "2700+10"]

1. e4 e5 2. Nf3 Nc6 3. d4 exd4 4. Nxd4 Bc5 5. Be3 Qf6 6. c3 Nge7 7. Bc4 d6
8. O-O O-O 9. Nxc6 Nxc6 10. Bxc5 dxc5 11. Qb3 Na5 12. Qa4 Nxc4 13. Qxc4 b6
14. Nd2 Be6 15. Qe2 Rad8 16. Nf3 Bg4 17. Rad1 Bxf3 18. Qxf3 Qxf3 19. gxf3
Rfe8 20. Rfe1 f6 21. Kg2 Kf7 22. Kg3 Kg6 23. Rg1 Kh5 24. Kh3 g6 25. c4 Rd4
26. b3 Red8 27. Rxd4 cxd4 28. Rd1 c5 29. Rd3 Kg5 30. Kg3 f5 31. f4+ Kf6 32.
e5+ Ke6 33. Kh4 a6 34. Kg5 b5 35. a4 bxa4 36. bxa4 a5 37. Kh6 Rd7 38. h4 Rb7
39. f3 Rb4 40. Kxh7 Rxa4 41. Kxg6 Rxc4 42. Ra3 Rc3 43. Rxa5 d3 44. Ra6+ Kd5
45. e6 d2 46. e7 Re3 47. Ra8 Rxe7 48. Rd8+ Ke6 49. Rxd2 Rc7 50. Re2+ Kd5 51.
Re5+ Kd4 52. Rxf5 c4 53. Re5 c3 54. Re1 c2 55. Rc1 Kd3 56. h5 Kd2 57. Rxc2+
Kxc2 58. f5 Kd3 59. f6 Kd4 60. f7 Rc8 61. Kg7 Ke5 62. f8=Q Rxf8 63. Kxf8 Kf6
64. Kg8 Kg5 65. Kf7 Kxh5 66. Kf6 Kh6 67. Kf5 Kg7 68. Kg5 Kf7 69. Kf5 Kf8 70.
Kf6 Ke8 71. Ke6 Kf8 72. Kf6 Ke8 73. f4 Kf8 74. f5 Ke8 75. Kg7 {Black
resigns} 1-0

[Event "ICC tourney 1981 (45 10)"]
[Site "Internet Chess Club"]
[Date "2020.08.29"]
[Round "4"]
[White "JCJ2018"]
[Black "HeSteven"]
[Result "1-0"]
[ICCResult "Black resigns"]
[WhiteElo "1002"]
[BlackElo "901"]
[Opening "Hungarian defense"]
[ECO "C50"]
[NIC "IG.03"]
[Time "18:32:49"]
[TimeControl "2700+10"]

1. e4 e5 2. Nf3 Nc6 3. Bc4 Be7 4. Nc3 Nf6 5. d3 d6 6. h3 O-O 7. a3 Na5 8.
Ba2 c5 9. O-O Be6 10. Ng5 Nc6 11. Bxe6 Nd4 12. Nxf7 Rxf7 13. Bxf7+ Kxf7 14.
Nd5 Nxd5 15. exd5 Kg8 16. Qg4 Nxc2 17. Rb1 Qb6 18. Bh6 Bf6 19. Bg5 Bxg5 20.
Qxg5 Nxa3 21. bxa3 Qa5 22. Rxb7 g6 23. Qe7 Qc7 24. Rxc7 {Black resigns} 1-0

[Event "ICC tourney 1981 (45 10)"]
[Site "Internet Chess Club"]
[Date "2020.08.29"]
[Round "4"]
[White "aslan777"]
[Black "suhavit"]
[Result "0-1"]
[ICCResult "White resigns"]
[WhiteElo "487"]
[BlackElo "1126"]
[Opening "Queen's pawn, Mason variation"]
[ECO "D00"]
[NIC "QP.08"]
[Time "18:32:59"]
[TimeControl "2700+10"]

1. d4 d5 2. Bf4 Nf6 3. e3 a6 4. a4 Bf5 5. Bd3 Bg6 6. Nf3 e6 7. h3 Bb4+ 8. c3
Be7 9. O-O O-O 10. Bxg6 fxg6 11. Ne5 Nbd7 12. Nd2 Nxe5 13. dxe5 Nd7 14. Nf3
a5 15. Qb3 Nb6 16. Rad1 Qe8 17. Nd4 Bc5 18. Nb5 Qe7 19. Rfe1 c6 20. Nd4 Bxd4
21. cxd4 Qb4 22. Qxb4 axb4 23. b3 Nd7 24. Bg5 Rfe8 25. e4 dxe4 26. Rxe4 h6
27. Bd2 c5 28. dxc5 Nxc5 29. Rxb4 Red8 30. Rg4 Nxb3 31. Rxg6 Kf7 32. Rg3
Rxd2 33. Rb1 Nc5 34. Rc1 Rd5 35. f4 Rxa4 36. Rgc3 Ra5 37. g4 b6 38. R1c2 Rd4
39. f5 exf5 40. gxf5 Rf4 41. e6+ Ke7 42. Rg3 Rxf5 43. Rxg7+ Kxe6 44. Rg6+
Rf6 45. Re2+ Kf5 46. Rf2+ Kxg6 {White resigns} 0-1

[Event "ICC tourney 1981 (45 10)"]
[Site "Internet Chess Club"]
[Date "2020.08.29"]
[Round "4"]
[White "PirateKing"]
[Black "pullabhotla"]
[Result "1-0"]
[ICCResult "Black resigns"]
[WhiteElo "858"]
[BlackElo "1178"]
[Opening "Queen's pawn, Mason variation"]
[ECO "D00"]
[NIC "QP.08"]
[Time "18:33:06"]
[TimeControl "2700+10"]

1. d4 d5 2. Bf4 Nc6 3. e3 e6 4. Bd3 Nf6 5. Nf3 Be7 6. h3 Ne4 7. Nbd2 f5 8.
O-O g5 9. Be5 Nxe5 10. Nxe5 Qd6 11. Qh5+ Kd8 12. Nf7+ Kd7 13. Nxd6 Bxd6 14.
Qf7+ Be7 15. Nxe4 dxe4 16. Bc4 Kd8 17. Bxe6 Bxe6 18. Qxe6 c6 19. Rad1 f4 20.
exf4 gxf4 21. Qxe4 Rf8 22. Rde1 Bb4 23. c3 Bd6 24. Qxh7 Rc8 25. Re6
{Black resigns}
1-0

[Event "ICC tourney 1981 (45 10)"]
[Site "Internet Chess Club"]
[Date "2020.08.29"]
[Round "4"]
[White "bsarvagnya"]
[Black "Rhinoguy"]
[Result "0-1"]
[ICCResult "White checkmated"]
[WhiteElo "1073"]
[BlackElo "1184"]
[Opening "Four knights: Italian variation"]
[ECO "C55"]
[NIC "IG.01"]
[Time "18:32:54"]
[TimeControl "2700+10"]

1. e4 e5 2. Nf3 Nc6 3. Bc4 Nf6 4. Nc3 Nxe4 5. Nxe4 d5 6. Bb5 dxe4 7. Nxe5
Qd5 8. Nxc6 Qxb5 9. Nd4 Qg5 10. O-O Bh3 11. g3 Bxf1 12. Qxf1 O-O-O 13. d3
Qd5 14. Be3 Bc5 15. dxe4 Qxe4 16. c3 Rhe8 17. b4 Bxd4 18. Bxd4 f6 19. Qh3+
Kb8 20. a4 Qf3 21. b5 b6 22. a5 Re2 23. axb6 cxb6 24. Rd1 Rde8 25. Be3 R2xe3
26. Qd7 Re1+ 27. Rxe1 Rxe1# {White checkmated} 0-1

[Event "ICC tourney 1981 (45 10)"]
[Site "Internet Chess Club"]
[Date "2020.08.29"]
[Round "4"]
[White "sassymareese"]
[Black "worldcupgirl"]
[Result "1-0"]
[ICCResult "Black checkmated"]
[WhiteElo "1375"]
[BlackElo "1374"]
[Opening "Sicilian defense"]
[ECO "B40"]
[NIC "SI.43"]
[Time "18:32:49"]
[TimeControl "2700+10"]

1. e4 c5 2. Nf3 e6 3. d3 d5 4. Nbd2 Nc6 5. g3 Be7 6. Bg2 Nf6 7. exd5 exd5 8.
O-O O-O 9. b3 d4 10. Bb2 Bg4 11. h3 Bh5 12. Re1 Bd6 13. Nc4 Bc7 14. a4 Qd7
15. Qd2 Bxf3 16. Bxf3 Qxh3 17. Ba3 b6 18. Bxc6 Rac8 19. Bg2 Qf5 20. Bb7 Rce8
21. Rxe8 Rxe8 22. Re1 Rxe1+ 23. Qxe1 h6 24. Nd2 Qh3 25. Bg2 Qh5 26. Ne4 Ng4
27. Qe2 f5 28. Bf3 Qh2+ 29. Kf1 fxe4 30. Bxe4 Bxg3 31. Bd5+ Kh7 32. Qe4+ Kh8
33. Qe8+ Kh7 34. Be4+ g6 35. Qxg6+ Kh8 36. Qh7# {Black checkmated} 1-0

[Event "ICC tourney 1981 (45 10)"]
[Site "Internet Chess Club"]
[Date "2020.08.29"]
[Round "4"]
[White "AJRChess2011"]
[Black "ansish"]
[Result "1-0"]
[ICCResult "Black checkmated"]
[WhiteElo "1186"]
[BlackElo "1029"]
[Opening "Pirc: classical (two knights) system"]
[ECO "B08"]
[NIC "PU.10"]
[Time "18:32:52"]
[TimeControl "2700+10"]

1. e4 d6 2. d4 Nf6 3. Nc3 g6 4. Nf3 Bg7 5. Be3 O-O 6. Qd2 c6 7. O-O-O b5 8.
d5 b4 9. Ne2 c5 10. Ng3 a5 11. Bh6 a4 12. Bxg7 Kxg7 13. h4 h5 14. e5 Ng4 15.
Nxh5+ Kh7 16. Ng5+ Kg8 17. Ng3 Nxe5 18. h5 Bg4 19. f3 Bd7 20. hxg6 Nxg6 21.
Rh7 f6 22. Nh5 Bf5 23. Rg7+ Kh8 24. Nf7+ Rxf7 25. Qh6# {Black checkmated}
1-0

[Event "ICC tourney 1981 (45 10)"]
[Site "Internet Chess Club"]
[Date "2020.08.29"]
[Round "4"]
[White "McTaggartfan"]
[Black "charanreddy"]
[Result "0-1"]
[ICCResult "White resigns"]
[WhiteElo "1286"]
[BlackElo "1198"]
[Opening "Vienna game"]
[ECO "C25"]
[NIC "VG.04"]
[Time "18:32:51"]
[TimeControl "2700+10"]

1. e4 e5 2. Nc3 Bc5 3. f4 d6 4. Nf3 Nc6 5. Bb5 Ne7 6. fxe5 dxe5 7. Na4 Bd6
8. O-O Bg4 9. h3 Bxf3 10. Qxf3 O-O 11. Qf2 Nd4 12. Bd3 Qd7 13. Nc3 Ne6 14.
Kh1 c6 15. Ne2 Nc5 16. Bc4 Nxe4 17. Bxf7+ Kh8 18. Qh4 Nc5 19. d4 exd4 20.
Nxd4 Nd5 21. Bg5 Rxf7 {White resigns} 0-1

[Event "ICC tourney 1981 (45 10)"]
[Site "Internet Chess Club"]
[Date "2020.08.29"]
[Round "4"]
[White "oxdidi"]
[Black "vhegde"]
[Result "0-1"]
[ICCResult "White resigns"]
[WhiteElo "1323"]
[BlackElo "1211"]
[Opening "Sicilian"]
[ECO "B50"]
[NIC "SI.01"]
[Time "18:33:39"]
[TimeControl "2700+10"]

1. e4 c5 2. Nf3 d6 3. Bc4 a6 4. O-O Nc6 5. a4 g6 6. Nc3 Bg7 7. d3 Nf6 8. Bg5
O-O 9. Qd2 Re8 10. Bh6 Bh8 11. Rfe1 Qc7 12. h3 e6 13. Rad1 b6 14. Ba2 Bb7
15. Bg5 Nd7 16. Qe3 Nde5 17. Nxe5 Nxe5 18. Qg3 Rac8 19. Bf4 Qc6 20. h4 b5
21. axb5 axb5 22. h5 b4 23. Ne2 Ra8 24. Bb3 Ba6 25. Kh1 c4 26. Ba2 cxd3 27.
cxd3 Bxd3 28. Bb3 Bxe4 29. Nd4 Qb7 30. Ne2 Nd3 31. Bxd6 Nxe1 32. Rxe1 Bxb2
33. h6 Ra5 34. Nf4 Ra1 35. Rxa1 Bxa1 36. Nh5 Qb5 37. Nf6+ Bxf6 38. Qf4 Qf5
39. Qxf5 Bxf5 40. f3 Bc3 41. g4 Bd3 42. Kg2 Rd8 43. Be7 Rd7 44. Bf6 Bxf6 45.
f4 {White resigns} 0-1

[Event "ICC tourney 1981 (45 10)"]
[Site "Internet Chess Club"]
[Date "2020.08.29"]
[Round "4"]
[White "CajunWyoCowboy"]
[Black "paradoxical"]
[Result "0-1"]
[ICCResult "White checkmated"]
[WhiteElo "1276"]
[BlackElo "1089"]
[Opening "Queen's pawn: London system"]
[ECO "A45"]
[NIC "QP.07"]
[Time "18:32:46"]
[TimeControl "2700+10"]

1. d4 Nf6 2. Bf4 d5 3. Nc3 a6 4. Nf3 e6 5. e3 Bb4 6. a3 Bxc3+ 7. bxc3 O-O 8.
Bd3 Nc6 9. O-O b6 10. Re1 Bb7 11. Bg5 h6 12. Bh4 Nb8 13. Bg3 Nbd7 14. c4 c5
15. c3 dxc4 16. Bxc4 Ne4 17. Qd3 b5 18. Ba2 c4 19. Qc2 Nxg3 20. fxg3 Nf6 21.
Bb1 Ne4 22. a4 Qd5 23. axb5 axb5 24. Qb2 Rxa1 25. Qxa1 Nd2 26. e4 Nxf3+ 27.
gxf3 Qd7 28. Bc2 Ra8 29. Qb2 f5 30. Kf2 fxe4 31. Bxe4 Bxe4 32. Rxe4 Ra5 33.
Qe2 Qa7 34. Ke3 Kf7 35. Kf4 Qc7+ 36. Kg4 Ra6 37. Rf4+ Kg8 38. Re4 e5 39.
Rxe5 Qd7+ 40. Kh4 g5+ 41. Kh5 Qh3# {White checkmated} 0-1

[Event "ICC tourney 1981 (45 10)"]
[Site "Internet Chess Club"]
[Date "2020.08.29"]
[Round "4"]
[White "bpchoppara"]
[Black "BotanicalKnight"]
[Result "1/2-1/2"]
[ICCResult "Game drawn by mutual agreement"]
[WhiteElo "1178"]
[BlackElo "1387"]
[Opening "Dutch defense, Rubinstein variation"]
[ECO "A84"]
[NIC "HD.10"]
[Time "18:32:58"]
[TimeControl "2700+10"]

1. d4 f5 2. c4 e6 3. Nc3 d5 4. e3 Nf6 5. cxd5 exd5 6. Bd3 Be7 7. Nge2 O-O 8.
Qc2 g6 9. Bd2 c6 10. Qb3 Qb6 11. Bc2 Qxb3 12. Bxb3 Ne4 13. Nxe4 fxe4 14. Ng3
Kg7 15. O-O Nd7 16. Rac1 Nf6 17. h3 Bd7 18. Bd1 h5 19. a3 h4 20. Ne2 g5 21.
Nc3 g4 22. hxg4 Nxg4 23. f3 exf3 24. gxf3 Nh6 25. Kf2 Ng4+ 26. Ke1 Nf6 27.
Rg1+ Kf7 28. Bc2 Rg8 29. Kf1 {Game drawn by mutual agreement} 1/2-1/2

[Event "ICC tourney 1981 (45 10)"]
[Site "Internet Chess Club"]
[Date "2020.08.29"]
[Round "4"]
[White "Cougar2020"]
[Black "aryasaravanan"]
[Result "1/2-1/2"]
[ICCResult "Game drawn by mutual agreement"]
[WhiteElo "1154"]
[BlackElo "1189"]
[Opening "Sicilian"]
[ECO "B56"]
[NIC "SI.25"]
[Time "18:32:47"]
[TimeControl "2700+10"]

1. e4 c5 2. Nf3 Nc6 3. d4 cxd4 4. Nxd4 d6 5. Nc3 Nf6 6. Be3 g6 7. f3 Bg7 8.
Qd2 a6 9. Bc4 Bd7 10. O-O-O Nxd4 11. Bxd4 O-O 12. Kb1 b5 13. Be2 Rb8 14. e5
b4 15. exf6 bxc3 16. Bxc3 Bxf6 17. Bxf6 exf6 18. Qxd6 Bb5 19. Bxb5 Qxd6 20.
Rxd6 axb5 21. Rxf6 Rfd8 22. Kc1 Ra8 23. Kb1 Rd2 24. g3 Rad8 25. c3 Rf2 26.
b4 Ra8 27. f4 Raxa2 28. Rc6 Rab2+ {Game drawn by mutual agreement} 1/2-1/2

[Event "ICC tourney 1981 (45 10)"]
[Site "Internet Chess Club"]
[Date "2020.08.29"]
[Round "4"]
[White "sharanyavpandey"]
[Black "Pranavs23"]
[Result "1-0"]
[ICCResult "Black checkmated"]
[WhiteElo "667"]
[BlackElo "856"]
[Opening "Giuoco Pianissimo"]
[ECO "C50"]
[NIC "IG.02"]
[Time "18:32:48"]
[TimeControl "2700+10"]

1. e4 e5 2. Nf3 Nc6 3. Bc4 Bc5 4. d3 Nf6 5. O-O d6 6. Nc3 h6 7. Bb5 Bd7 8.
Bxc6 Bxc6 9. a3 Qd7 10. b4 Bd4 11. Nxd4 exd4 12. Ne2 d5 13. e5 Ng4 14. f4
O-O-O 15. Nxd4 h5 16. h3 Nh6 17. f5 g6 18. fxg6 fxg6 19. Rf6 Rdg8 20. Rb1
Ba4 21. Rb2 Qe7 22. Nf3 Rf8 23. Rxg6 Nf7 24. Be3 Nxe5 25. Nxe5 Qxe5 26. Bc5
Qxb2 27. Bxf8 Rxf8 28. Qxh5 Qxc2 29. Qg4+ Bd7 30. Qg3 Qd1+ 31. Kh2 b6 32.
Rg8 Rxg8 33. Qxg8+ Kb7 34. Qxd5+ Bc6 35. Qd4 Qd2 36. Qg4 Qxd3 37. Qg3 Qd6
38. Qxd6 cxd6 39. Kg1 d5 40. Kf2 Kc7 41. h4 Be8 42. g4 Kd6 43. Ke3 Ke5 44.
h5 d4+ 45. Kd3 Bb5+ 46. Kd2 Kf4 47. h6 Kg5 48. h7 d3 49. h8=Q Kxg4 50. Qg8+
Kf4 51. Qd5 Ba6 52. b5 Bc8 53. Qc4+ Ke5 54. Qxc8 Kd4 55. Qd8+ Kc5 56. Qxd3
a5 57. bxa6 b5 58. a7 b4 59. a8=Q bxa3 60. Qdxa3+ Kd4 61. Qd3+ Kc5 62. Qc8+
Kb4 63. Qb1+ Ka5 64. Qa8# {Black checkmated} 1-0

[Event "ICC tourney 1981 (45 10)"]
[Site "Internet Chess Club"]
[Date "2020.08.29"]
[Round "4"]
[White "mimzhang"]
[Black "alphablitz"]
[Result "1-0"]
[ICCResult "Black resigns"]
[WhiteElo "976"]
[BlackElo "713"]
[Opening "Four knights: double Ruy Lopez"]
[ECO "C49"]
[NIC "KP.03"]
[Time "18:32:54"]
[TimeControl "2700+10"]

1. e4 e5 2. Nf3 Nc6 3. Nc3 Nf6 4. Bb5 Bb4 5. O-O Bxc3 6. dxc3 d6 7. Nd2 O-O
8. Nc4 Nxe4 9. Re1 Ng5 10. Bxc6 bxc6 11. Nxe5 Bb7 12. Qg4 f6 13. Bxg5 fxg5
14. Qe6+ Kh8 15. Nf7+ Rxf7 16. Qxf7 c5 17. Re2 a5 18. Rae1 Bc6 19. Re7 Qf8
20. Qxf8+ Rxf8 21. Rxc7 Ba4 22. b3 Bb5 23. Ree7 Rg8 24. a4 Ba6 25. Re3 h6
26. Rc6 Bc8 27. Rxd6 Bf5 28. Rd5 Bxc2 29. Rxc5 Bxb3 30. Rxa5 Rd8 31. h3 Rd1+
32. Kh2 Ra1 33. Re8+ Kh7 34. Rb8 Bxa4 35. Rba8 Ra3 36. Rxa4 Rxc3 37. R4a7
Rc2 38. f3 Kg6 39. Rg8 Kh5 40. Raxg7 Kh4 41. Rh7 h5 42. Rgh8 {Black resigns}
1-0

[Event "ICC tourney 1981 (45 10)"]
[Site "Internet Chess Club"]
[Date "2020.08.29"]
[Round "4"]
[White "boxingguy2469x"]
[Black "harijangam"]
[Result "1-0"]
[ICCResult "Black checkmated"]
[WhiteElo "1213"]
[BlackElo "138"]
[Opening "Sicilian: Pelikan (Lasker/Sveshnikov) variation"]
[ECO "B33"]
[NIC "SI.35"]
[Time "18:32:56"]
[TimeControl "2700+10"]

1. e4 c5 2. Nf3 Nc6 3. d4 cxd4 4. Nxd4 Nf6 5. Nc3 e5 6. Nf3 Bb4 7. Bg5 Bxc3+
8. bxc3 Qa5 9. Bxf6 Qxc3+ 10. Nd2 gxf6 11. Bc4 Nd4 12. Rc1 d5 13. Bxd5 Ke7
14. O-O Rg8 15. Qh5 Rg7 16. Rfd1 Ne2+ 17. Qxe2 Bg4 18. f3 Bh3 19. g3 Rag8
20. Nb1 Rxg3+ 21. hxg3 Rxg3+ 22. Kh1 Qc8 23. Rg1 Bg2+ 24. Rxg2 Qh3+ 25. Rh2
Rg2 26. Qxg2 Qd7 27. Rxh7 Qb5 28. Rxf7+ Kd6 29. Rxf6+ Kc7 30. Qg7+ Kb8 31.
Rf8+ Qe8 32. Rxe8# {Black checkmated} 1-0

[Event "ICC tourney 1981 (45 10)"]
[Site "Internet Chess Club"]
[Date "2020.08.29"]
[Round "4"]
[White "Electryon"]
[Black "desuleel"]
[Result "1-0"]
[ICCResult "Black resigns"]
[WhiteElo "1378"]
[BlackElo "1143"]
[Opening "English opening"]
[ECO "A05"]
[NIC "QP.11"]
[Time "18:32:50"]
[TimeControl "2700+10"]

1. Nf3 Nf6 2. c4 c6 3. g3 Ne4 4. Bg2 Qa5 5. O-O e5 6. d3 Nf6 7. Qd2 Qc5 8.
a3 e4 9. b4 Qd4 10. Bb2 Qd6 11. dxe4 Nxe4 12. Qxd6 Nxd6 13. Nbd2 h5 14. h3
Rh6 15. Rfe1 f6 16. Rad1 Be7 17. e4 Nf7 18. c5 b6 19. cxb6 axb6 20. Nc4 Ra6
21. e5 d5 22. Nd6+ Bxd6 23. exd6+ Kd7 24. Re7+ Kxd6 25. Rxf7 Nd7 26. Re1 Ne5
27. Nxe5 fxe5 28. Rxg7 Bf5 29. Bxe5+ Ke6 30. Bf4+ Be4 31. Bxh6 Rxa3 32. Bxe4
Kf6 33. Rg6+ Ke5 34. Bc2+ Kd4 35. Bg7+ Kc4 36. Rxc6+ Kxb4 37. Rxb6+ Kc4 38.
Rc6+ Kb5 39. Rc8 Ra7 40. Rb1+ Ka6 41. Bd3+ Ka5 42. Bc3+ Ka4 43. Rcb8 Rb7 44.
R8xb7 {Black resigns} 1-0